 Dungeon Crawl Stone Soup version 0.18-a0-1426-g3b9a63c (webtiles) character file.

23 namelastname112 the Ruffian (level 2, 0/23 HPs)
             Began as a Draconian Transmuter on Feb 27, 2016.
             Slain by a goblin
             ... wielding a +0 club
             ... led by Robin
              (2 damage)
             ... on level 2 of the Dungeon.
             The game lasted 00:01:03 (747 turns).

namelastname112 the Ruffian (Draconian Transmuter)   Turns: 747, Time: 00:01:03

Health: 0/23       AC:  4    Str: 12    XL:     2   Next: 72%
Magic:  3/5        EV: 12    Int: 13    God:
Gold:   67         SH:  0    Dex: 11    Spells: 2 memorised, 2 levels left

rFire  . . .     SeeInvis .       - Unarmed
rCold  . . .     Gourm    .     (armour unavailable)
rNeg   . . .     Faith    .     (no shield)
rPois  .         Spirit   .     (helmet restricted)
rElec  .         Dismiss  .     (no cloak)
rCorr  .         Reflect  .     (no gloves)
SustAt .         Harm     .     (no boots)
MR     .....                    (no amulet)
Stlth  +.........               (no ring)
                                (no ring)

@: not resistant to hostile enchantments, very unstealthy
A: unfitting armour, cold-blooded, AC +4
a: no special abilities


You were on level 2 of the Dungeon.
You were not hungry.

You visited 1 branch of the dungeon, and saw 2 of its levels.

You collected 67 gold pieces.

Inventory:

Missiles
 a - 11 arrows
Scrolls
 d - 3 scrolls of identify {unknown}
 e - a scroll of teleportation {unknown}
 g - a scroll of noise {unknown}
 i - a scroll of recharging {unknown}
 j - a scroll of immolation {unknown}
Potions
 f - a potion of might
 h - a potion of curing {unknown}
 k - a potion of cancellation
Books
 b - a book of Changes

   Spells                             Type                      Level
   a - Beastly Appendage              Transmutation                1
   b - Sticks to Snakes               Transmutation                2
   c - Spider Form                    Transmutation/Poison         3
   d - Ice Form                       Ice/Transmutation            4
   e - Blade Hands                    Transmutation                5
Comestibles
 c - 3 bread rations


   Skills:
 - Level 1.1 Fighting
 - Level 1.7 Dodging
 + Level 3.6 Unarmed Combat
 - Level 2.0 Spellcasting
 + Level 2.6 Transmutations


You had 2 spell levels left.
You knew the following spells:

 Your Spells              Type           Power        Failure   Level  Hunger
a - Beastly Appendage     Trmt           #.....       10%         1    ##.....
x - Sticks to Snakes      Trmt           #.......     14%         2    ###....


Dungeon Overview and Level Annotations

Branches:
Dungeon (2/15)

Altars:

Annotations:
D:2 Robin


Innate Abilities, Weirdness & Mutations

Your plain brown scales are hard (AC +4).
Your body does not fit into most forms of armour.
You are cold-blooded and may be slowed by cold attacks.


Message History

Cast which spell? (? or * to list)
You create a snake!
You now have 11 arrows.
The goblin hits you but does no damage. The goblin hits you with a club.
* * * LOW HITPOINT WARNING * * *
The goblin hits you but does no damage. Robin throws the goblin at you!
Drink which item? (? for menu, Esc to quit)
It was a potion of might.
You feel very mighty all of a sudden. The goblin hits you but does no damage.
The goblin completely misses you. The goblin hits you but does no damage.
The goblin hits you with a club.
* * * LOW HITPOINT WARNING * * *
Your ball python bites the goblin.
Your ball python grabs the goblin.
Your ball python constricts the goblin.
Drink which item? (? for menu, Esc to quit)
It was a potion of cancellation.
Your magical effects are unravelling.
You feel magically purged.
You feel a little less mighty now. The goblin misses you.
The goblin hits you with a club.
You die...

g!.. .g### ....#
#.#.# #.#.#
#.#.# #...#
#..g#####...
#####
#..g@gggg...
#...#
##.g#####...
###...######.S#
#.............#
#............##
###<......######
.......)†##
#####....#
########)##


You could see Robin, a hobgoblin (frenzied), 5 goblins and a friendly ball
python.

Vanquished Creatures
  A dart slug (D:2)
  2 bats (D:1)
  8 goblins
  A hobgoblin (D:2)
  A kobold (D:1)
  4 giant newts (D:1)
  4 rats
21 creatures vanquished.

Notes
Turn   | Place    | Note
--------------------------------------------------------------
     0 | D:1      | namelastname112 the Draconian Transmuter began the quest for the Orb.
     0 | D:1      | Reached XP level 1. HP: 16/16 MP: 3/3
   473 | D:1      | Reached XP level 2. HP: 14/23 MP: 5/5
   529 | D:1      | Learned a level 2 spell: Sticks to Snakes
   644 | D:2      | Noticed Robin
   746 | D:2      | HP: 1/23 [goblin/club[Robin] (4)]
   747 | D:2      | Slain by a goblin

Vault maps used:
D:1:      lightli_arrival_isolated_outpost
D:2:      lemuel_crystal_altar, lemuel_coloured_pillars_altar, uniq_robin

Action                   || total
-------------------------++-------
Melee: Unarmed           ||    84
 Cast: Sticks to Snakes  ||     1
  Use: Potion            ||     2
